Map: 国王藏宝地-天梯版

Players

Lambo - Winner!

  • Race: Zerg Zerg
  • League: Gold

StriKE

  • Race: Terran Terran
  • League: Grandmaster

Event: WESG 2018 Grand Finals

VOD

Have the link to the VOD?

Description

Time

  • Played on: March 11, 2019, 4:15 a.m.
  • Length: 8:43

All games in this series

Show
View Real Time Build Order
Export as new Build Order

Lambo Zerg - Winner!

Build Orders: Hatch First 

Get SALT Encoding   

  12  0:00  Drone  
  13  0:13  Overlord  
  13  0:17  Drone  
  14  0:31  Drone x2  
  16  0:49  Hatchery  
  15  0:52  Drone  
  15  0:56  Drone  
  17  0:59  Drone  
  18  1:09  Extractor  
  17  1:15  Spawning Pool  
  17  1:18  Drone  
  17  1:21  Drone  
  18  1:30  Drone  
  19  1:39  Drone  
  20  1:51  Overlord  
  20  2:01  Queen x2  
  20  2:02  Zergling x4  
  26  2:10  Metabolic Boost  
  26  2:11  Drone  
  26  2:14  Drone  
  28  2:22  Drone  
  29  2:23  Drone  
  30  2:34  Drone x2  
  32  2:47  Drone  
  32  2:48  Hatchery  
  32  2:51  Pneumatized Carapace  
  32  2:56  Overlord  
  32  2:59  Drone  
  32  3:03  Drone  
  32  3:05  Drone  
  35  3:10  Drone  
  36  3:17  Drone x3  
  36  3:18  Drone  
  40  3:23  Queen  
  40  3:26  Overlord  
  42  3:35  Drone x2  
  44  3:44  Queen  
  46  3:48  Drone  
  46  3:49  Drone x2  
  46  3:50  Overlord  
  46  3:51  Drone  
  50  3:56  Overlord  
  50  4:00  Drone x2  
  52  4:04  Queen  
  52  4:06  Overlord  
  54  4:13  Drone x2  
  54  4:15  Queen  
  58  4:19  Drone  
  58  4:20  Drone x2  
  58  4:21  Zergling x4  
  63  4:24  Zergling x2  
  64  4:31  Zergling x2  
  64  4:36  Lair  
  64  4:37  Drone x3  
  68  4:40  Spore Crawler  
  68  4:41  Spore Crawler x2  
  68  4:42  Drone x2  
  68  4:45  Overlord, Extractor  
  66  4:46  Drone x2, Extractor  
  66  4:47  Drone x2  
  66  4:49  Zergling x2  
  70  4:55  Drone  
  70  4:56  Roach Warren  
  70  4:57  Drone  
  72  5:01  Drone  
  74  5:09  Extractor  
  74  5:11  Evolution Chamber, Drone x5, Extractor  
  76  5:14  Drone x2  
  76  5:15  Extractor  
  76  5:16  Overlord  
  76  5:17  Drone x2  
  79  5:23  Overlord  
  79  5:26  Overlord  
  79  5:28  Hatchery  
  78  5:39  Drone, Glial Reconstitution  
  78  5:40  Zerg Missile Weapons Level 1, Drone x3  
  78  5:41  Drone x3  
  85  5:51  Roach  
  85  5:52  Roach x5  
  97  6:01  Overlord  
  95  6:04  Overlord  
  95  6:05  Roach x2  
  93  6:12  Roach x3  
  97  6:18  Drone  
  97  6:20  Drone x2  
  97  6:23  Roach, Drone  
  97  6:24  Roach x5  
  113  6:28  Overlord  
  113  6:33  Nydus Network  
  113  6:37  Overlord  
  113  6:39  Roach  
  114  6:43  Overseer  
  114  6:48  Roach x7  
  128  6:56  Overlord  
  128  6:59  Roach x4  
  136  7:02  Overlord  
  136  7:04  Overlord x3  
  136  7:06  Burrow  
  136  7:10  Overlord x2  
  138  7:23  Roach x8  
  138  7:25  Roach  
  138  7:27  Roach  
  138  7:29  Ravager x5  
  161  7:31  Roach  
  161  7:33  Roach  
  161  7:36  Roach x2  
  169  7:37  Overlord  
  169  7:45  Roach x3  
  169  7:50  Nydus Canal  
  174  7:53  Overlord  
  174  7:54  Ravager  
  174  7:57  Roach x4  
  174  7:58  Roach  
  183  8:01  Roach  
  183  8:03  Nydus Canal  
  183  8:04  Roach x4  
  181  8:06  Roach  
  181  8:07  Overlord  
  181  8:11  Roach x2  
  177  8:16  Roach x2  
  177  8:18  Nydus Canal  
  177  8:19  Roach  
  169  8:22  Roach  
  169  8:24  Roach  
  164  8:36  Nydus Canal  
Show
View Real Time Build Order
Export as new Build Order

StriKE Terran 

Build Orders: Command Center First (CC) 

Get SALT Encoding   

  12  0:00  SCV  
  13  0:12  SCV  
  14  0:17  Supply Depot  
  14  0:25  SCV  
  15  0:39  SCV  
  16  0:51  SCV  
  17  1:01  Command Center  
  18  1:04  SCV  
  18  1:14  Barracks  
  18  1:18  SCV  
  18  1:24  Refinery  
  19  1:31  SCV  
  20  1:32  Refinery  
  20  1:43  SCV  
  21  2:01  Marine  
  21  2:02  Orbital Command  
  22  2:14  Orbital Command  
  22  2:19  Marine  
  23  2:26  Factory  
  23  2:29  SCV  
  23  2:38  Barracks Reactor  
  23  2:41  SCV  
  24  2:46  Bunker  
  24  2:49  SCV  
  25  2:54  SCV  
  26  3:01  SCV  
  27  3:06  SCV  
  27  3:10  Starport  
  28  3:20  Hellion, Supply Depot  
  28  3:21  Hellion  
  28  3:22  Barracks Tech Lab  
  28  3:23  SCV  
  28  3:24  SCV  
  34  3:35  SCV  
  35  3:42  Hellion x2  
  35  3:45  Supply Depot  
  39  3:57  Viking  
  39  4:00  SCV  
  39  4:02  SCV  
  43  4:11  Command Center  
  43  4:13  SCV  
  43  4:14  SCV  
  49  4:17  Hellion x2  
  49  4:24  Refinery  
  49  4:25  Refinery  
  49  4:26  SCV x2  
  51  4:32  Supply Depot  
  51  4:38  SCV x2  
  53  4:46  Factory  
  53  4:48  Factory  
  53  4:54  Cyclone  
  53  4:58  Mag-Field Accelerator  
  56  5:05  SCV x2  
  58  5:13  Barracks Tech Lab  
  58  5:14  Starport Reactor  
  58  5:17  SCV x2  
  58  5:20  Supply Depot x2  
  60  5:26  Orbital Command  
  60  5:32  Cyclone, Hellion  
  60  5:33  Hellion  
  67  5:39  SCV x2  
  67  5:41  Supply Depot  
  69  5:49  Cyclone  
  72  5:50  Infernal Pre-Igniter  
  72  5:57  Armory x2  
  72  6:00  SCV x2  
  72  6:07  Liberator x2  
  68  6:18  Hellion x2, Cyclone  
  67  6:25  Orbital Command  
  73  6:26  SCV x2  
  75  6:38  Refinery x2  
  76  6:40  SCV  
  76  6:42  Hellion x2  
  76  6:44  Cyclone  
  83  6:47  Terran Vehicle Weapons Level 1  
  83  6:51  SCV  
  83  6:52  SCV  
  85  7:05  SCV x3  
  88  7:10  Hellion x2, Cyclone  
  95  7:17  SCV  
  95  7:21  Cyclone  
  99  7:26  Supply Depot, Factory, SCV x2  
  99  7:27  Factory  
  101  7:33  Supply Depot  
  101  7:34  Supply Depot  
  101  7:35  SCV  
  102  7:41  Hellion x2  
  102  7:42  Cyclone  
  92  8:15  Factory Tech Lab, Hellion x3  
  92  8:17  SCV  
Tags
 
Add a new tag
Caveats
  • Supply blocks, unpowered buildings, or Contaminate may cause inaccurate times.
  • Supply counts are checked every 10 seconds.